 Dungeon Crawl Stone Soup version 0.28.0-49-g6dfe1f597d (webtiles) character file.

Game seed: 6390455478472550029

173 pkoi the Shield-Bearer (level 5, -6/45 HPs)
             Began as a Demigod Fighter on May 12, 2022.
             Killed by divine providence
             ... invoked by an orc priest
              (10 damage)
             ... on level 4 of the Dungeon.
             The game lasted 00:03:41 (5622 turns).

pkoi the Shield-Bearer (Demigod Fighter)            Turns: 5622, Time: 00:03:42

Health: -6/45      AC:  6    Str: 17    XL:     5   Next: 6%
Magic:  7/7        EV: 10    Int: 10    God:
Gold:   24         SH:  5    Dex: 17    Spells: 4/4 levels left

rFire   . . .      SeeInvis .   g - +1 dagger (venom)
rCold   . . .      Faith    .   b - +0 buckler
rNeg    . . .      Spirit   .   h - +1 ring mail {Will+}
rPois   .          Reflect  .   (no helmet)
rElec   .          Harm     .   (no cloak)
rCorr   .          Rampage  .   (no gloves)
Will    +....                   (no boots)
Stlth   +.........              (no amulet)
HPRegen 0.15/turn               (no ring)
MPRegen 0.10/turn               (no ring)

@: no status effects
A: high MP 1, forlorn, divine attributes
a: no special abilities


You were on level 4 of the Dungeon.
You visited 1 branch of the dungeon, and saw 4 of its levels.

You collected 156 gold pieces.
You spent 132 gold pieces at shops.

Inventory:

Hand Weapons
 e - a +0 whip
 g - a +1 dagger of venom (weapon)
 j - a +1 whip of electrocution
Missiles
 d - 4 poisoned darts (quivered)
Armour
 a - a +0 scale mail
 b - a +0 buckler (worn)
 h - a +1 ring mail of willpower (worn)
Jewellery
 f - a ring of ice
Potions
 c - a potion of might
 i - a potion of cancellation
 k - a potion of haste


   Skills:
 + Level 3.3 Fighting
 + Level 3.4 Armour
 + Level 3.4 Shields
 * Level 3.4 Unarmed Combat


You had 4 spell levels left.
You didn't know any spells.
Your spell library was empty.

Dungeon Overview and Level Annotations

Branches:
Dungeon (4/15)
 Temple: D:4-7

Shops:
D:1 !


Innate Abilities, Weirdness & Mutations

You have an increased reservoir of magic. (+10% MP)
You shall have no god before yourself.
Your divine heritage dramatically boosts your attributes as you level up.


Message History

The iguana completely misses you.
Things that are here:
a +0 short sword; a +0 scale mail You hit the iguana.
The iguana is poisoned.
The iguana is lightly wounded.
You kill the hobgoblin!
The iguana bites you.
* * * LOW HITPOINT WARNING * * *
You completely miss the iguana.
The iguana is lightly wounded.
You block the iguana's attack.
You hit the iguana but do no damage.
The iguana looks as sick as possible!
The iguana is moderately wounded.
The iguana barely misses you.
Unknown command.
You hit the iguana but do no damage.
The iguana looks as sick as possible!
The iguana is severely wounded.
The iguana barely misses you.
An orc priest comes into view. It is wielding a +0 dagger.
You closely miss the iguana.
The iguana is almost dead.
The orc priest shouts!
You hear a shout!
You kill the iguana!
The orc hits you with a +0 mace.
* * * LOW HITPOINT WARNING * * *
You have reached level 5!
You see here a hobgoblin corpse.
The orc priest casts a cantrip, but nothing happens.
A ball python comes into view.
The ball python hisses angrily.
The orc priest invokes the aid of Beogh against you.
Beogh smites you!
* * * LOW HITPOINT WARNING * * *
The orc priest looks braver for a moment.
The orc priest invokes the aid of Beogh against you.
Beogh smites you!
* * * LOW HITPOINT WARNING * * *
The orc priest calls down the wrath of Beogh upon you.
Beogh smites you!
You die...

##############
#....)).......
#.##.#.######
#.##)#<# #.##.#######
##...........
#......######
#########......######
#............@.......
#..........##o#.#####
#..........##.#.####
#..........##.#....##
#.........>..o.....S.
#############.####.##
###########.#
#.........oo### .
#.......(.....# #o.


You could see 2 orc priests and 2 orcs.

Vanquished Creatures
  An iguana (D:4)
  4 gnolls
  4 adders (D:2)
  3 worms
  A dart slug (D:1)
  6 orcs
  2 bats
  6 endoplasms
  2 giant cockroaches
  5 goblins
  7 hobgoblins
  A kobold (D:2)
  2 quokkas
  7 ball pythons
  2 frilled lizards
  5 rats
58 creatures vanquished.

Vanquished Creatures (others)
  4 plants
  3 withered plants (D:2)
7 creatures vanquished.

Grand Total: 65 creatures vanquished

Notes
Turn   | Place    | Note
-------+----------+-------------------------------------------
     0 | D:1      | pkoi the Demigod Fighter began the quest for the Orb.
     0 | D:1      | Reached XP level 1. HP: 18/18 MP: 3/3
    93 | D:1      | Found Gixt's Distillery.
   210 | D:1      | Bought a potion of degeneration for 12 gold pieces
   334 | D:1      | Reached XP level 2. HP: 22/25 MP: 4/4
  1759 | D:2      | Reached XP level 3. HP: 21/31 MP: 5/5
  3884 | D:2      | Reached XP level 4. HP: 38/38 MP: 6/6
  5486 | D:1      | Bought a potion of haste for 120 gold pieces
  5609 | D:4      | Reached XP level 5. HP: 27/45 MP: 7/7
  5622 | D:4      | Killed from afar by an orc priest

Illustrated notes

Levels and vault maps discovered:
D:1:      heliophobic_arrival_glass_houses, layout_loops_ring, serial_shops,
          shop_coins, wander_ebering_terrifying_dragon_lair
D:2:      layout_basic, shapermc_ecumenical_altar_flowoftime, st_stairs_4
D:3:      layout_basic, serial_bayou_crossing, uniq_ijyb
D:4:      layout_basic, tgw_kikubaaqudgha, lexackson_kobold_supper

Skill      XL: |  1  2  3  4 |
---------------+-------------+-----
Unarmed Combat | 2 3 |  3.4
Fighting       | 3 |  3.3
Armour         | 3 |  3.4
Shields        | 3 |  3.4

Action                   |  1- 3 |  4- 6 || total
-------------------------+-------+-------++-------
Melee: Unarmed           |    97 |       ||    97
       Dagger            |    85 |   109 ||   194
  Use: Scroll            |     3 |     1 ||     4
       Potion            |     1 |       ||     1
Armor: Scale mail        |    54 |       ||    54
       Ring mail         |     3 |    14 ||    17
Dodge: Dodged            |    48 |    37 ||    85
Block: Buckler           |    30 |    17 ||    47
